 Dungeon Crawl Stone Soup version 0.16.2-12-gd0ad4c3 (webtiles) character file.

86 SlimeFever the Sneak (level 4, 0/24 HPs)
             Began as a Kobold Enchanter on Feb 28, 2016.
             Slain by a worm (10 damage)
             ... on level 3 of the Dungeon.
             The game lasted 00:13:26 (1748 turns).

SlimeFever the Sneak (Kobold Enchanter)             Turns: 1748, Time: 00:13:26

Health: 0/24       AC:  3    Str:  6    XL:     4   Next: 77%
Magic:  4/8        EV: 15    Int: 14    God:
Gold:   87         SH:  4    Dex: 16    Spells: 2 memorised, 5 levels left

rFire  . . .     SeeInvis .     a - +1 dagger
rCold  . . .     Clarity  .     b - +1 robe
rNeg   . . .     SustAb   .     h - +0 buckler
rPois  .         Gourm    .     (no helmet)
rElec  .         Spirit   .     (no cloak)
rCorr  .         Warding  .     (no gloves)
rMut   .         Stasis   .     (no boots)
MR     .....                    f - amulet of regeneration
Stlth  +++.......               (no ring)
                                (no ring)

@: not resistant to hostile enchantments, fairly stealthy
A: carnivore 3
a: no special abilities


You were on level 3 of the Dungeon.
You were not hungry.

You visited 1 branch of the dungeon, and saw 3 of its levels.

You collected 87 gold pieces.

Inventory:

Hand weapons
 a - a +1 dagger (weapon)
 i - a +0 short sword
Missiles
 g - 12 bolts of penetration
 l - 57 arrows
Armour
 b - a +1 robe (worn)
 h - a +0 buckler (worn)
Jewellery
 f - an amulet of regeneration (around neck)
Potions
 e - a potion of cancellation
 j - a potion of flight
 k - a potion of beneficial mutation {unknown}
Books
 c - a book of Maledictions

   Spells                             Type                      Level
   a - Corona                         Hexes                        1
   b - Sure Blade                     Hexes/Charms                 2
   c - Ensorcelled Hibernation        Hexes/Ice                    2
   d - Confuse                        Hexes                        3
   e - Dazzling Spray                 Conjuration/Hexes            3
   f - Enslavement                    Hexes                        4
Comestibles
 d - a meat ration


   Skills:
 + Level 0.7 Fighting
 * Level 2.3 Short Blades
 + Level 3.2 Dodging
 * Level 4.7 Stealth
 + Level 2.5 Spellcasting
 * Level 3.5 Hexes
 + Level 0.2 Charms


You had 5 spell levels left.
You knew the following spells:

 Your Spells              Type           Power        Failure   Level  Hunger
a - Corona                Hex            ##.....      12%         1    #......
b - Sure Blade            Hex/Chrm       #.........   28%         2    ###....


Dungeon Overview and Level Annotations

Branches:
Dungeon (3/15)

Altars:


Innate Abilities, Weirdness & Mutations

You are small and have problems with some larger weapons.
You are carnivorous and can eat meat at any time.


Message History

Aim: a worm (severely wounded, chance 55%)
The worm struggles to resist.
Casting: Corona
Confirm with . or Enter, or press ? or * to list all spells.
Aiming: Corona
Press: ? - help, Shift-Dir - straight line, f/p - worm
Aim: a worm (severely wounded, chance 55%)
The worm struggles to resist.
You hit the worm.
The worm is almost dead.
Casting: Corona
Confirm with . or Enter, or press ? or * to list all spells.
Aiming: Corona
Press: ? - help, Shift-Dir - straight line, f/p - worm
Aim: a worm (almost dead, chance 55%)
The worm is outlined in light.
You hit the worm but do no damage.
The worm is almost dead.
The worm bites you!
You die...

#.##.<...# #.##.#.#
#.##<....# #....(.#
###.##.....# ####.###
#..........# #)# #.#...######
#.# ##.#...# #.# #......# #.#
#..##..#### #.# ##
#####..#...w@.# #####.# †#
#..........##.# #.....#
.####.###.##.#....#####.#####
.##...# #....#.......##.#
....#.###....#..........#
.####(....#######.##.#### ..
###.#....# ...##.# ##
.####.#.......# # #.#...###


You could see a worm.

Vanquished Creatures
  Jessica (D:2)
  An adder (D:2)
  3 worms (D:2)
  3 giant geckos (D:2)
  An ooze (D:2)
  7 bats
  A giant cockroach (D:2)
  5 hobgoblins
  5 kobolds
  3 giant newts
  7 goblins
  2 rats
39 creatures vanquished.

Notes
Turn   | Place    | Note
--------------------------------------------------------------
     0 | D:1      | SlimeFever, the Kobold Enchanter, began the quest for the Orb.
     0 | D:1      | Reached XP level 1. HP: 10/10 MP: 3/3
   573 | D:1      | Reached XP level 2. HP: 13/15 MP: 2/4
   728 | D:2      | Learned a level 2 spell: Sure Blade
   818 | D:2      | Reached XP level 3. HP: 10/19 MP: 3/6
  1069 | D:2      | Noticed Jessica
  1184 | D:2      | Reached XP level 4. HP: 24/24 MP: 4/8
  1271 | D:2      | Killed Jessica
  1725 | D:3      | HP: 1/24 [worm (7)]
  1748 | D:3      | Slain by a worm

Action                   |  1- 3 |  4- 6 || total
-------------------------+-------+-------++-------
Melee: Dagger            |   133 |    87 ||   220
 Cast: Corona            |    26 |    18 ||    44
       Sure Blade        |     4 |     4 ||     8
  Use: Scroll            |     2 |     3 ||     5
       Potion            |       |     1 ||     1
 Stab: Sleeping          |     3 |     2 ||     5
  Eat: Meat ration       |     1 |       ||     1
